 Dungeon Crawl Stone Soup version 0.25.1-2-g60ff931df9 (webtiles) character file.

Game seed: 1481644356952777855

189 Curus the Chopper (level 5, 0/45 HPs)
             Began as a Minotaur Abyssal Knight on Oct 29, 2020.
             Was a Priest of Lugonu.
             Slain by an orc
             ... wielding a +0 dagger
              (2 damage)
             ... on level 4 of the Dungeon.
             The game lasted 00:08:56 (3214 turns).

Curus the Chopper (Minotaur Abyssal Knight)         Turns: 3214, Time: 00:08:57

Health: 0/45       AC: 13    Str: 16    XL:     5   Next: 40%
Magic:  6/7        EV:  7    Int:  9    God:    Lugonu [***...]
Gold:   202        SH:  0    Dex: 11    Spells: 4/4 levels left

rFire    . . .     SeeInvis .   a - +1 hand axe
rCold    . . .     Gourm    .   (no shield)
rNeg     . . .     Faith    .   i - +0 chain mail
rPois    .         Spirit   .   (helmet restricted)
rElec    .         Reflect  .   (no cloak)
rCorr    .         Harm     .   (no gloves)
MR       .....                  l - +0 pair of boots
Stlth    ..........             (no amulet)
HPRegen  0.15/turn              (no ring)
MPRegen  0.10/turn              d - +4 ring of protection

@: no status effects
A: retaliatory headbutt, horns 2
a: Depart the Abyss, Bend Space, Banish, Renounce Religion


You were on level 4 of the Dungeon.
You worshipped Lugonu.
Lugonu was most pleased with you.
You were hungry.

You visited 1 branch of the dungeon, and saw 4 of its levels.
You visited the Abyss 1 time.

You collected 202 gold pieces.

Inventory:

Hand Weapons
 a - a +1 hand axe (weapon)
Armour
 b - a +0 leather armour
 g - a +0 ring mail
 i - a +0 chain mail (worn)
 l - a +0 pair of boots (worn)
Jewellery
 d - a +4 ring of protection (right hand)
 e - an uncursed ring of teleportation
 m - a -4 ring of strength
Scrolls
 f - 5 scrolls of identify
 h - 2 scrolls of remove curse
 j - a scroll of blinking
 k - a scroll of magic mapping
Potions
 n - a potion of stabbing
 o - a potion of ambrosia
Comestibles
 c - 8 rations


   Skills:
 - Level 3.6 Fighting
 + Level 5.1 Axes
 - Level 2.4 Armour
 - Level 1.1 Dodging
 + Level 4.1 Invocations


You had 4 spell levels left.
You didn't know any spells.
Your spell library was empty.

Dungeon Overview and Level Annotations

Branches:
Dungeon (4/15)
 Temple: D:4-7

Altars:
Dithmenos
Elyvilon
Makhleb
Qazlal
Sif Muna
Vehumet

Annotations:
D:3 2 transporters, Somiz's ghost, amateur TrTm


Innate Abilities, Weirdness & Mutations

You reflexively headbutt those who attack you in melee.
You have a pair of horns on your head.


Message History

The weapon returns to the orc warrior!
Press: ? - help, Shift-Dir - straight line, f/p - orc warrior
Aim: an orc warrior, wielding a +0 morningstar, wearing a +0 plate armour and quivering 6 boomerangs (chance to defeat MR: 83%)
You fail to use your ability.
The orc warrior throws a boomerang.
The boomerang barely misses you.
The weapon returns to the orc warrior!
You completely miss the orc. The orc completely misses you.
The orc warrior throws a boomerang.
The boomerang hits you but does no damage.
The weapon returns to the orc warrior!
You barely miss the orc. The orc closely misses you.
A leopard gecko comes into view.
You barely miss the orc.
Your chain mail prevents you from hitting the orc warrior.
The leopard gecko hisses angrily.
The orc barely misses you.
The orc warrior hits you with a +0 morningstar!
* * * LOW HITPOINT WARNING * * *
The orc hits you but does no damage. The orc hits you with a +0 dagger.
You die...

........# ##.#
#......#.# ##<#
#.#.##.##.###.##
#.#.##.# #.#.#####
#.#....####...†..# #
#...........####.#.#
#..........l####o#.#
##.##..........o...#
##)##.......####@###
...###...........#
##.###o.....######
#......###.#
#o###### #.# ...# .#
.o.# .# ##.# #.#


You could see an orc warrior, an orc and a leopard gecko.

Vanquished Creatures
  Terence (D:2)
  Robin (D:2)
  A gnoll (D:1)
  5 adders
  An ooze (D:1)
  A dart slug (D:2)
  4 leopard geckos
  3 orcs
  2 ball pythons (D:1)
  A giant cockroach (D:1)
  18 goblins
  8 hobgoblins
  12 jackals
  A quokka (D:3)
  10 bats
  A frilled lizard (D:3)
  7 kobolds
  4 rats
81 creatures vanquished.

Vanquished Creatures (others)
  A dart slug (D:2)
1 creature vanquished.

Grand Total: 82 creatures vanquished

Notes
Turn   | Place    | Note
-------+----------+-------------------------------------------
     0 | Abyss:1  | Curus the Minotaur Abyssal Knight began the quest for the
                  | Orb.
     0 | Abyss:1  | Reached XP level 1. HP: 19/19 MP: 1/1
    17 | D:1      | Escaped the Abyss
   228 | D:1      | Reached XP level 2. HP: 24/26 MP: 2/2
   300 | D:1      | Reached skill level 3 in Axes
   628 | D:1      | Reached XP level 3. HP: 29/31 MP: 2/4
   909 | D:2      | Found a white marble altar of Elyvilon.
   924 | D:2      | Noticed Robin
   933 | D:2      | Killed Robin
   935 | D:2      | Reached ** piety under Lugonu
   963 | D:2      | Reached skill level 4 in Axes
   964 | D:2      | Found a shimmering blue altar of Sif Muna.
  1136 | D:2      | Noticed Terence
  1151 | D:2      | Killed Terence
  1151 | D:2      | Reached XP level 4. HP: 29/39 MP: 5/5
  1734 | D:2      | Found a radiant altar of Vehumet.
  1819 | D:2      | Found a burning altar of Makhleb.
  2004 | D:3      | Found a transporter.
  2296 | D:3      | Found a transporter.
  2296 | D:3      | Noticed Somiz's ghost (amateur TrTm)
  2392 | D:3      | Found a shadowy altar of Dithmenos.
  2680 | D:3      | Reached *** piety under Lugonu
  2680 | D:3      | Reached XP level 5. HP: 45/45 MP: 6/6
  2871 | D:3      | Found a stormy altar of Qazlal.
  2915 | D:3      | Reached skill level 5 in Axes
  3178 | D:4      | Noticed an orc warrior
  3212 | D:4      | HP: 1/45 [orc warrior/+0 morningstar (17)]
  3214 | D:4      | Slain by an orc

Illustrated notes

Levels and vault maps discovered:
D:1:      dpeg_arrival_simpleton_a, layout_loops_ring
D:2:      layout_loops_corners, vehumet_crystals, lemuel_doored_altar,
          old_standard_altar, elyvilon_altar_4, uniq_robin, uniq_terence
D:3:      layout_loops_ring, old_standard_altar,
          nicolae_dithmenos_shadow_blocks, gammafunk_ghost_mausoleum,
          minivault_27, serial_bayou_pond_d, grunt_ministairs_4
D:4:      layout_loops_cross, lemuel_crystal_altar, enter_ossuary_3,
          kennysheep_generic_room_13, uniq_sigmund, uniq_pikel

Skill      XL: |  1  2  3  4  5 |
---------------+----------------+-----
Invocations    | 2 3 4 |  4.1
Axes           | 3 4 5 |  5.1
Fighting       | |  3.6
Armour         | |  2.4
Dodging        | |  1.1

Action                   |  1- 3 |  4- 6 || total
-------------------------+-------+-------++-------
Melee: Hand axe          |    80 |   111 ||   191
       Headbutt          |     9 |    12 ||    21
Invok: Banish            |       |     1 ||     1
  Use: Scroll            |     5 |     3 ||     8
       Potion            |     3 |     2 ||     5
 Stab: Sleeping          |     1 |       ||     1
  Eat: Chunk             |     1 |     6 ||     7
Armor: Leather armour    |     9 |       ||     9
       Ring mail         |    16 |       ||    16
       Chain mail        |       |    62 ||    62
Dodge: Dodged            |    32 |    46 ||    78
